 Dungeon Crawl Stone Soup version 0.29-a0-284-gf9362112df (webtiles) character file.

Game seed: 4870703394887979081

494596 Zonian the Warrior (level 23, -1/184 HPs)
             Began as a Demonspawn Ice Elementalist on Mar 13, 2022.
             Was the Champion of Cheibriados.
             Slain by a spark wasp (7 damage)
             ... on level 2 of the Depths on Mar 17, 2022.
             The game lasted 06:01:51 (90673 turns).

Zonian the Warrior (Demonspawn Ice Elementalist)   Turns: 90673, Time: 06:01:52

Health: -1/184     AC: 22    Str: 25    XL:     23   Next: 65%
Magic:  6/42       EV: 22    Int: 42    God:    Cheibriados [******]
Gold:   1198       SH: 15    Dex: 31    Spells: 8/53 levels left

rFire   . . .      SeeInvis .   I - +9 quick blade (spect)
rCold   . . .      Faith    .   b - +3 buckler {AC+3}
rNeg    . . .      Spirit   .   J - quicksilver dragon scales
rPois   .          Reflect  +   D - +2 helmet {Int+3}
rElec   .          Harm     .   (cloak unavailable)
rCorr   .          Rampage  .   u - +2 pair of gloves
Will    +++..      Archmagi +   f - +1 pair of boots {Stlth+}
Stlth   ++++......              m - amulet of reflection
HPRegen 0.40/turn               C - ring of the Mage {Wiz Archmagi}
MPRegen 0.28/turn               Q - +9 ring of slaying

@: unable to drink, repel missiles, very slow
A: repulsion field 3, icemail 2, spiny 2, torment resistance 1, condensation
shield, demonic willpower, weakness stinger 3
}: 3/15 runes: decaying, serpentine, silver
a: Renounce Religion, Bend Time, Temporal Distortion, Slouch, Step From Time


You were on level 2 of the Depths.
You worshipped Cheibriados.
Cheibriados was exalted by your worship.
You visited 8 branches of the dungeon, and saw 41 of its levels.

You collected 7306 gold pieces.
You spent 6108 gold pieces at shops.

Inventory:

Hand Weapons
 a - the +8 whip "Snakebite" {venom, curare, rPois}
   (You found it on level 5 of the Lair of Beasts)

   It poisons the flesh of those it strikes.
   It occasionally inflicts asphyxiating poison on those it strikes, dealing
   poison damage and causing slowness.
   rPois:     It protects you from poison.
 n - the +8 hunting sling "Impslayer" {freeze, Int+3}
   (You found it on level 1 of the Swamp)

   Any ammunition fired from it freezes those it strikes, dealing additional
   cold damage.
   It can also slow down cold-blooded creatures.
   Int:       It affects your intelligence (+3).
 I - a +9 spectral quick blade (weapon)
 L - the +5 dagger "Goblinbane" {flame, rElec rPois Dex-2 SInv}
   (You took it off a deep elf demonologist on level 3 of the Elven Halls)

   It burns those it strikes, dealing additional fire damage.
   Dex:       It affects your dexterity (-2).
   rElec:     It insulates you from electricity.
   rPois:     It protects you from poison.
   SInv:      It lets you see invisible.
Missiles
 g - 17 javelins
 x - 9 boomerangs of dispersal
 E - 6 curare-tipped darts
 G - 5 silver javelins
 N - 2 throwing nets
Armour
 b - a +3 buckler of protection (worn)
 f - a +1 pair of boots of stealth (worn)
 u - a +2 pair of gloves (worn)
 D - a +2 helmet of intelligence (worn)
 J - quicksilver dragon scales (worn)
Jewellery
 d - a ring of see invisible
 m - an amulet of reflection (around neck)
 t - a ring of ice
 v - the ring of Wubled {rPois rC+ EV+4 Int+2}
   (You bought it in a shop on level 1 of the Snake Pit)

   [ring of evasion]

   EV:        It affects your evasion (+4).
   Int:       It affects your intelligence (+2).
   rC:        It protects you from cold.
   rPois:     It protects you from poison.
 C - the ring of the Mage (left hand) {Wiz Archmagi}
   (You bought it in a shop on level 1 of the Snake Pit)

   [ring of wizardry]

   It improves your spell success rate.
   Archmagi:  It increases the power of your magical spells.
 K - an amulet of regeneration
 O - a ring of protection from fire
 Q - a +9 ring of slaying (right hand)
Wands
 q - a wand of acid (2)
 F - a wand of flame (38)
 P - a wand of digging (22)
 T - a wand of iceblast (8)
 Y - a wand of charming (16)
Scrolls
 c - 7 scrolls of teleportation
 h - 6 scrolls of magic mapping
 s - a scroll of brand weapon
 w - 3 scrolls of blinking
 y - 8 scrolls of fear
 z - 8 scrolls of fog
 H - a scroll of silence
Potions
 e - 8 potions of flight
 j - a potion of berserk rage
 l - 8 potions of lignification
 r - 4 potions of cancellation
 A - 3 potions of might
 B - 10 potions of brilliance
 M - 6 potions of curing
 R - 2 potions of resistance
 S - 2 potions of heal wounds
 U - 2 potions of magic
 V - 2 potions of invisibility
 X - a potion of ambrosia
Miscellaneous
 i - a phantom mirror
 k - a lightning rod (4/4)
 o - a tin of tremorstones (1/2)
 p - a box of beasts (inert)
 W - a condenser vane
 Z - a phantom mirror


   Skills:
 + Level 16.1 Fighting
 - Level 10.5 Short Blades
 - Level 7.5 Maces & Flails
 - Level 6.6(7.2) Slings
 - Level 4.1(5.9) Throwing
 - Level 3.9 Armour
 - Level 7.5 Dodging
 - Level 5.0 Stealth
 - Level 5.0 Shields
 + Level 15.5 Spellcasting
 - Level 10.5 Conjurations
 - Level 6.3 Necromancy
 + Level 10.7 Transmutations
 - Level 10.8 Fire Magic
 - Level 15.2 Ice Magic
 + Level 14.0 Air Magic
 - Level 10.4 Poison Magic
 - Level 13.6 Invocations
 - Level 6.0 Evocations


You had 8 spell levels left.
You knew the following spells:

 Your Spells              Type           Power      Damage    Failure   Level
a - Dispel Undead         Necr           92%        3d29      1%          4
b - Frozen Ramparts       Ice            100%       1d12      0%          3
c - Ozocubu's Armour      Ice            100%       N/A       0%          3
d - Ozocubu's Refrigerat  Ice            63%        4d17      1%          7
e - Hailstorm             Conj/Ice       100%       3d20      1%          4
f - Olgreb's Toxic Radia  Pois           100%       N/A       1%          4
g - Airstrike             Air            61%        N/A       1%          4
h - Flame Wave            Conj/Fire      100%       2d17      1%          4
i - Irradiate             Conj/Tmut      55%        3d32      1%          5
j - Fireball              Conj/Fire      55%        3d21      1%          5
k - Blink                 Tloc           98%        N/A       1%          2

Your spell library contained the following spells:

 Spells                   Type           Power      Damage    Failure   Level
 Foxfire                  Conj/Fire      100%       2x1d9     0%          1
 Freeze                   Ice            100%       1d11      0%          1
 Shock                    Conj/Air       100%       1d9       0%          1
 Sting                    Tmut/Pois      100%       1d8       0%          1
 Poisonous Vapours        Pois/Air       100%       N/A       0%          2
 Static Discharge         Conj/Air       100%       N/A       0%          2
 Swiftness                Air            100%       N/A       0%          3
 Apportation              Tloc           98%        N/A       1%          1
 Pain                     Necr           100%       1d9       1%          1
 Slow                     Hex            100%       N/A       1%          1
 Corpse Rot               Necr/Air       100%       N/A       1%          2
 Ensorcelled Hibernation  Hex/Ice        100%       N/A       1%          2
 Passwall                 Tmut/Erth      71%        N/A       1%          2
 Scorch                   Fire           100%       2d10      1%          2
 Sublimation of Blood     Necr           92%        N/A       1%          2
 Confusing Touch          Hex            49%        N/A       1%          3
 Conjure Flame            Conj/Fire      100%       6-21      1%          3
 Gell's Gravitas          Tloc           49%        N/A       1%          3
 Inner Flame              Hex/Fire       87%        N/A       1%          3
 Lesser Beckoning         Tloc           49%        N/A       1%          3
 Mephitic Cloud           Conj/Pois/Air  100%       N/A       1%          3
 Portal Projectile        Hex/Tloc       98%        N/A       1%          3
 Summon Guardian Golem    Hex/Summ       49%        N/A       1%          3
 Teleport Other           Tloc           49%        N/A       1%          3
 Tukima's Dance           Hex            49%        N/A       1%          3
 Vampiric Draining        Necr           92%        2d12      1%          3
 Anguish                  Hex/Necr       36%        N/A       1%          4
 Animate Dead             Necr           46%        N/A       1%          4
 Ice Form                 Ice/Tmut       100%       N/A       1%          4
 Petrify                  Tmut/Erth      86%        N/A       1%          4
 Sticky Flame             Conj/Fire      100%       2d11      1%          4
 Summon Lightning Spire   Summ/Air       95%        N/A       1%          4
 Agony                    Necr           92%        N/A       1%          5
 Alistair's Intoxication  Tmut/Pois      73%        N/A       1%          5
 Blade Hands              Tmut           55%        N/A       1%          5
 Excruciating Wounds      Necr           46%        N/A       1%          5
 Lightning Bolt           Conj/Air       58%        1d81      1%          5
 Metabolic Englaciation   Hex/Ice        49%        N/A       1%          5
 Simulacrum               Ice/Necr       55%        N/A       1%          6
 Starburst                Conj/Fire      55%        6d15      1%          6
 Storm Form               Tmut/Air       58%        N/A       3%          7
 Animate Armour           Summ/Erth      98%        N/A       7%          4
 Leda's Liquefaction      Hex/Erth       24%        N/A       7%          4
 Dragon Form              Tmut           55%        N/A       7%          7
 Statue Form              Tmut/Erth      57%        N/A       12%         6
 Lee's Rapid Deconstruct  Erth           24%        3d14*     19%         5
 Manifold Assault         Tloc           49%        N/A       19%         5
 Summon Forest            Summ/Tloc      24%        N/A       19%         5
 Ignition                 Fire           55%        3d15      45%         8
 Spellforged Servitor     Conj/Summ      43%        N/A       52%         7
 Dispersal                Tloc           24%        N/A       67%         6
 Summon Cactus Giant      Summ           24%        N/A       67%         6
 Haunt                    Necr/Summ      36%        N/A       80%         7
 Infestation              Necr           46%        N/A       95%         8
 Enfeeble                 Hex            24%        N/A       99%         7
 Disjunction              Tloc           24%        N/A       100%        8
 Chain Lightning          Conj/Air       58%        3d78      98%         9
 Fire Storm               Conj/Fire      55%        8d14      100%        9
 Shatter                  Erth           24%        3d21*     100%        9


Dungeon Overview and Level Annotations

Branches:
Dungeon (15/15)            Temple (0/1) D:5            Lair (6/6) D:9
  Swamp (4/4) Lair:4        Snake (4/4) Lair:4        Slime (0/5) Lair:5
    Orc (2/2) D:10            Elf (3/3) Orc:2        Vaults (5/5) D:14
  Crypt (0/3) Vaults:2     Depths (2/4) D:15

Altars:
Ashenzari
Cheibriados
Wu Jian
Yredelemnul
Zin
The Shining One
Beogh
Jiyva

Shops:
D:5 =   D:10 *   Orc:2 :(*[   Snake:1 =[?*   Snake:2 *   Vaults:4 :
Depths:1 :=:   Depths:2 =

Portals:
Hell: Depths:1 Depths:2
Abyss: Snake:3
Pandemonium: Depths:2

Annotations:
D:2 1 runed translucent door, 2 exclusions, Crazy Yiuf, Sigmund
D:6 1 runed translucent door
D:8 exclusion: centaur warrior
Lair:3 3 runed translucent doors, Deaggicw's ghost, journeyman DrTm
Lair:5 2 transporters, Dowoeg's ghost, journeyman DjWn
Elf:1 3 runed translucent doors, Hoebihum's ghost, adept DsGl; Kieschye's ghost, adept GrBe; Pooter's ghost, adept MiBe; SirDiesAlot's ghost, journeyman SpCj


Innate Abilities, Weirdness & Mutations

You are surrounded by a strong repulsion field. (EV +4, RMsl)
A meltable icy envelope protects you from harm. (AC +0)
You are mostly covered in sharp spines.
You are resistant to unholy torment.
A meltable shield of frost defends you. (SH +0)
You punish those that try to bend your will. (Will+)
You have a sharp stinger which inflicts weakening toxins.


Message History

Unknown command.
Casting: Irradiate (mildly dangerous; 1% risk of failure)
Confirm with . or Enter, or press ? or * to list all spells.
Okay, then.
Okay, then.
Casting: Irradiate (mildly dangerous; 1% risk of failure)
Confirm with . or Enter, or press ? or * to list all spells.
Okay, then.
Aiming: Corrosive Bolt
Press: ? - help, Shift-Dir - straight line, f - spark wasp
Aim: a spark wasp (severely wounded, ally target, 60% to hit)
The bolt of acid misses the spark wasp.
The spark wasp stings you but does no damage.
The spark wasp is struck by your spines.
The spark wasp stings you!
* * * LOW HITPOINT WARNING * * *
The spark wasp shocks you!
* * * LOW HITPOINT WARNING * * *
You block the spark wasp's attack.
Your juvenile oxfire beast breathes flames at the spark wasp.
The blast of flame hits the spark wasp!!
The spark wasp dies!
Cheibriados thoroughly appreciates the change of pace.
Casting: Irradiate (mildly dangerous; 1% risk of failure)
Confirm with . or Enter, or press ? or * to list all spells.
You feel a surge of power!
You blink.
You block the spark wasp's attack.
Okay, then.
Okay, then.
Okay, then.
Aiming: Corrosive Bolt
Press: ? - help, Shift-Dir - straight line, f - spark wasp
Aim: a spark wasp (ally target, 60% to hit)
The bolt of acid hits the spark wasp!
The acid corrodes the spark wasp!
The spark wasp is lightly wounded.
The spark wasp stings you!
* * * LOW HITPOINT WARNING * * *
The spark wasp shocks you!
* * * LOW HITPOINT WARNING * * *
The spark wasp stings you!
You die...

#.....## ##..........
#.....## ##...........
##.).).## ##.#..........
##.))..## ##)##..........
##.).††####[###..........
##...)†##[## #..........
##...H§)## #..........
##...)y## ##......##..
##..@..###.......##..
##.....##.......##.<
##..8.....≈≈≈≈≈≈≈..
##....##≈≈≈≈≈≈≈≈≈.
##...#≈≈≈≈≈≈≈≈≈≈≈ ####
#...#≈≈≈≈≈≈≈≈≈≈≈ #..#
#....≈≈≈≈≈.≈≈≈≈≈ #..#
##...≈≈≈≈.∩.≈≈≈≈ #..#
#..#≈≈≈≈≈.≈≈≈≈≈


You could see a spark wasp (corroded, ally target) and a friendly juvenile
oxfire beast (summoned, catching breath).

Vanquished Creatures
  An ancient lich (Vaults:5)
  5 caustic shrikes
  Saint Roka (Depths:1)
  A golden dragon (Vaults:5)
  Nikola (Swamp:4)
  Jorgrun (Orc:1)
  4 tentacled monstrosities
  2 liches
  Mlioglotl (Snake:4)
  3 deep elf blademasters
  3 deep elf master archers (Elf:3)
  A quicksilver dragon (Vaults:5)
  5 sphinxes
  A tentacled starspawn (Snake:3)
  A storm dragon (Vaults:5)
  6 shadow dragons
  6 tengu reavers
  5 nagarajas (Snake:4)
  An iron dragon (Vaults:5)
  8 frost giants
  7 fire giants
  The ghost of pigah the Stormcaller, an adept OpAE of Gozag (Orc:2)
  10 deep elf sorcerers
  18 vault wardens
  An orc warlord (Orc:2)
  5 spectral caustic shrikes (Depths:2)
  Louise (Swamp:2)
  5 deep elf elementalists (Elf:3)
  15 stone giants
  34 very ugly things
  19 ironbound preservers
  A war gargoyle (Vaults:2)
  3 vampire knights
  A minotaur (Lair:1)
  6 ironbound thunderhulks
  9 deep elf annihilators (Elf:3)
  2 eleionomae
  5 entropy weavers
  Nessos (D:13)
  11 deep elf demonologists (Elf:3)
  16 dire elephants
  3 bunyips
  5 spark wasps (Depths:2)
  The ghost of Jimielewn the Thaumaturge, a journeyman DjCj of Nemelex Xobeh (Snake:3)
  Josephine (D:13)
  Snorg (Lair:4)
  6 deep elf death magi (Elf:3)
  4 shambling mangroves
  15 yaktaur captains
  16 ettins
  4 deep elf high priests
  5 fire dragons
  6 boulder beetles
  The ghost of avis the Grappler, a journeyman HOTm of Beogh (Lair:1)
  35 vault guards
  Fannar (Lair:2)
  17 naga warriors
  2 rakshasas
  9 great orbs of eyes
  A peacekeeper (Vaults:2)
  27 hydras
  3 ice dragons
  9 centaur warriors
  2 salamander tyrants (Snake:4)
  Erica (Orc:1)
  4 spriggan air magi
  7 ghost crabs
  A hell beast (Depths:2)
  8 anacondas
  5 ogre magi (Vaults:5)
  9 ironbound frosthearts
  The ghost of seaofthunder the Fighter, a novice HOFi of Beogh (Orc:1)
  12 two-headed ogres
  9 tengu warriors
  24 dancing weapons
  3 deep troll shamans
  9 alligators
  3 death yaks (D:9)
  A shock serpent (shapeshifter) (Vaults:5)
  2 thrashing horrors (Snake:3)
  2 deep troll earth magi
  A vampire mage (Vaults:2)
  7 hell knights
  8 shock serpents
  13 naga sharpshooters
  5 spriggan berserkers
  10 deep elf knights
  An orc high priest (Orc:2)
  Nergalle (Orc:1)
  Urug (Orc:2)
  A titan skeleton (Vaults:4)
  A spectral bunyip (Swamp:3)
  2 salamander mystics (Snake:4)
  Amaemon (Lair:2)
  6 fire crabs (Lair:3)
  2 iron trolls (Depths:2)
  Lodul (D:10)
  3 goliath frogs
  16 naga ritualists
  A sea snake (shapeshifter) (Depths:1)
  49 deep trolls
  3 spriggan druids
  6 bog bodies
  9 swamp dragons
  3 glowing orange brains
  A spectral hydra (Swamp:3)
  8 lindwurms
  A phantasmal warrior (Vaults:5)
  A flayed ghost (Depths:2)
  9 wizards
  25 ironbound convokers
  4 harpies (Vaults:5)
  10 mana vipers
  16 deep elf archers
  23 deep elf zephyrmancers
  25 deep elf pyromancers
  7 necromancers
  5 orc knights
  The ghost of IdlyInterested the Covert, a novice DsBr (D:6)
  20 salamanders
  2 will-o-the-wisps
  A wolf spider (D:15)
  4 orc sorcerers
  44 ugly things
  6 cyclopes
  7 manticores
  A frost giant zombie (Vaults:4)
  29 elephants
  A fire giant skeleton (Vaults:4)
  9 guardian serpents
  21 naga magi
  19 vault sentinels
  A torpor snail (Lair:3)
  8 cane toads
  35 black mambas
  A smoke demon (Depths:2)
  2 apocalypse crabs
  An efreet (D:14)
  Maggie (D:10)
  7 komodo dragons
  An unseen horror (D:10)
  5 kobold demonologists
  2 orange demons
  33 yaktaurs
  4 rime drakes
  5 tengu conjurers
  A red devil (Depths:2)
  A polar bear (shapeshifter) (D:15)
  4 bloated husks
  6 trolls
  9 polar bears
  Prince Ribbit (D:9)
  7 dream sheep (Lair:6)
  31 slime creatures
  21 hornets
  8 blink frogs
  8 tyrant leeches
  2 shadows
  6 air elementals
  20 spriggans
  An ettin skeleton (Orc:1)
  4 wraiths (D:13)
  6 wyverns
  5 vampires
  2 water elementals
  A ynoxinul (Depths:2)
  42 yaks
  A fire elemental (Elf:3)
  A redback (Vaults:4)
  3 steam dragons
  6 vampire mosquitoes
  A yaktaur simulacrum (Vaults:4)
  5 basilisks
  5 wargs
  63 nagas
  18 swamp worms
  A floating eye (Depths:2)
  16 water moccasins
  6 black bears
  An ice beast (D:5)
  A large abomination (Snake:3)
  30 orc warriors
  9 swamp drakes
  4 boggarts (Lair:6)
  10 ogres
  30 wolves
  4 centaurs
  A phantom (D:6)
  6 kobold brigands
  2 necrophages
  A gnoll sergeant (D:8)
  14 bullfrogs
  3 scorpions (D:6)
  A cyclops zombie (Orc:1)
  5 wights
  14 killer bees
  A warg skeleton (Orc:1)
  3 electric eels
  5 howler monkeys
  A crimson imp (D:4)
  A jelly (D:5)
  3 gnoll shamans
  23 orc priests
  5 hounds
  7 iguanas
  Terence (D:2)
  12 hell rats
  19 orc wizards
  Natasha (thrice) (D:3)
  An ogre zombie (Orc:1)
  3 ogre skeletons (Orc:1)
  11 gnolls
  An ogre simulacrum (Orc:1)
  7 adders
  An orc zombie (Orc:1)
  3 river rats (D:9)
  2 orc skeletons (Orc:1)
  2 shadow imps
  2 white imps
  3 ufetubi
  3 orc simulacra (Orc:1)
  3 worms
  4 dart slugs
  73 orcs
  9 ball pythons
  6 endoplasms
  5 giant cockroaches
  6 goblins
  7 hobgoblins
  37 kobolds
  4 quokkas
  5 bats
  3 frilled lizards
  A gnoll skeleton (Orc:1)
  7 rats
1801 creatures vanquished.

Vanquished Creatures (collateral kills)
  A spark wasp (Depths:2)
1 creature vanquished.

Vanquished Creatures (others)
  The ghost of Zomibl Ceupp the Unseen, an adept OpMo of Dithmenos (Swamp:3)
  A ghost crab (Swamp:4)
  A spectral spriggan (Swamp:3)
  A hornet (Swamp:1)
  6 bloated husks
  2 spriggan simulacra (Swamp:3)
  An ogre (Vaults:5)
  An orc wizard (D:7)
  8 foxfires
  58 fungi
  59 plants
  2 starspawn tentacles (Snake:3)
141 creatures vanquished.

Grand Total: 1943 creatures vanquished

Notes
Turn   | Place    | Note
-------+----------+-------------------------------------------
     0 | D:1      | Zonian the Demonspawn Ice Elementalist began the quest for
                  | the Orb.
     0 | D:1      | Reached XP level 1. HP: 13/13 MP: 3/3
   287 | D:1      | Gained mutation: A meltable shield of frost defends you.
                  | (SH +0) [demonic ancestry]
   287 | D:1      | Reached XP level 2. HP: 15/19 MP: 1/5
   662 | D:1      | Found a faded altar of an unknown god.
   690 | D:1      | Prayed at the altar of an unknown god.
   690 | D:1      | Became a worshipper of Cheibriados the Contemplative
   690 | D:1      | Reached * piety under Cheibriados
   846 | D:1      | Reached XP level 3. HP: 12/24 MP: 1/6
  1503 | D:2      | Noticed Terence
  1513 | D:2      | Killed Terence
  1887 | D:2      | Learned a level 3 spell: Frozen Ramparts
  1891 | D:2      | Learned a level 3 spell: Ozocubu's Armour
  2011 | D:2      | Found a runed translucent door.
  2012 | D:2      | Noticed Crazy Yiuf
  2150 | D:2      | Reached XP level 4. HP: 30/30 MP: 5/7
  2216 | D:2      | Noticed Sigmund
  2499 | D:2      | Reached ** piety under Cheibriados
  2501 | D:2      | Found Refo's Book Emporium.
  3480 | D:3      | Reached XP level 5. HP: 14/35 MP: 4/9
  3643 | D:3      | Noticed Natasha
  3650 | D:3      | Killed Natasha
  3871 | D:3      | Noticed Natasha
  4052 | D:3      | Noticed a water moccasin
  4339 | D:3      | Killed Natasha
  4406 | D:3      | Killed a water moccasin
  4407 | D:3      | Reached XP level 6. HP: 29/41 MP: 7/11
  4506 | D:3      | Noticed Natasha
  4513 | D:3      | Killed Natasha
  4548 | D:3      | Reached skill level 5 in Ice Magic
  4589 | D:3      | Reached *** piety under Cheibriados
  5132 | D:4      | Noticed Grinder
  5140 | D:4      | Noticed Grinder
  5140 | D:4      | Grinder changed into Grinder the crimson imp
  5154 | D:4      | Killed Grinder the crimson imp
  5220 | D:4      | Gained mutation: A meltable icy envelope protects you from
                  | harm. (AC +0) [demonic ancestry]
  5220 | D:4      | Reached XP level 7. HP: 33/46 MP: 10/13
  5375 | D:4      | Noticed Edmund
  5379 | D:4      | Noticed Edmund
  5379 | D:4      | Edmund changed into Edmund the swamp drake
  5395 | D:4      | Killed Edmund the swamp drake
  5396 | D:4      | Reached skill level 5 in Spellcasting
  6246 | D:4      | Reached **** piety under Cheibriados
  6514 | D:5      | Entered Level 5 of the Dungeon
  6514 | D:5      | Found Qecureiply's Jewellery Shop.
  6535 | D:5      | Found a staircase to the Ecumenical Temple.
  6563 | D:5      | Reached XP level 8. HP: 50/52 MP: 12/16
  6680 | D:5      | Learned a level 2 spell: Poisonous Vapours
  6960 | D:5      | Reached skill level 1 in Air Magic
  6960 | D:5      | Reached skill level 1 in Poison Magic
  8049 | D:6      | Learned a level 4 spell: Hailstorm
  8060 | D:6      | Reached ***** piety under Cheibriados
  8117 | D:6      | Found a runed translucent door.
  8120 | D:6      | Noticed IdlyInterested's ghost (novice DsBr)
  8148 | D:6      | Reached skill level 1 in Conjurations
  8149 | D:6      | Reached XP level 9. HP: 57/57 MP: 12/19
  8160 | D:6      | Killed IdlyInterested's ghost
  8164 | D:6      | Found a runed translucent door.
  9306 | D:7      | HP: 1/56 [steam dragon (6)]
  9314 | D:7      | Reached skill level 1 in Fighting
  9847 | D:7      | Reached skill level 2 in Fighting
 10447 | D:7      | Learned a level 4 spell: Olgreb's Toxic Radiance
 10452 | D:7      | Learned a level 4 spell: Airstrike
 10493 | D:8      | Noticed a centaur warrior
 10692 | D:8      | Noticed a manticore
 10808 | D:8      | Killed a manticore
 10809 | D:8      | Reached skill level 1 in Short Blades
 10809 | D:8      | Reached skill level 1 in Invocations
 10809 | D:8      | Gained mutation: You are surrounded by a mild repulsion
                  | field. (EV +2) [demonic ancestry]
 10809 | D:8      | Reached XP level 10. HP: 67/68 MP: 8/21
 11969 | D:8      | Noticed a cyclops
 11976 | D:8      | Killed a centaur warrior
 11977 | D:8      | Reached skill level 3 in Fighting
 11977 | D:8      | Reached skill level 5 in Poison Magic
 11981 | D:8      | Killed a cyclops
 12458 | D:9      | Reached ****** piety under Cheibriados
 12541 | D:9      | Noticed Prince Ribbit
 12547 | D:9      | Killed Prince Ribbit
 12627 | D:9      | Reached skill level 5 in Air Magic
 12755 | D:9      | Noticed a two-headed ogre
 12756 | D:9      | Noticed a death yak
 12759 | D:9      | Noticed a death yak
 12760 | D:9      | Noticed a death yak
 12772 | D:9      | Killed a two-headed ogre
 12773 | D:9      | Reached skill level 4 in Fighting
 12774 | D:9      | Killed a death yak
 12774 | D:9      | Killed a death yak
 12775 | D:9      | Reached skill level 5 in Conjurations
 12775 | D:9      | Gained mutation: You are partially covered in sharp spines.
                  | [demonic ancestry]
 12775 | D:9      | Reached XP level 11. HP: 69/78 MP: 12/23
 12786 | D:9      | Killed a death yak
 12822 | D:9      | Found a staircase to the Lair.
 13039 | D:9      | Noticed a four-headed hydra
 13154 | D:9      | Killed a four-headed hydra
 13497 | D:9      | Found an ornate altar of the Wu Jian Council.
 13516 | Lair:1   | Entered Level 1 of the Lair of Beasts
 13697 | Lair:1   | Found a runed translucent gate.
 13697 | Lair:1   | Found a runed translucent gate.
 13697 | Lair:1   | Found a runed translucent gate.
 13725 | Lair:1   | Noticed a minotaur
 13730 | Lair:1   | Noticed avis's ghost (journeyman HOTm)
 14126 | Lair:1   | You fall into a shaft and drop 1 floor!
 14199 | Lair:2   | Noticed Fannar
 14205 | Lair:2   | Reached skill level 5 in Invocations
 14229 | Lair:2   | Killed Fannar
 14370 | Lair:2   | Reached skill level 5 in Fighting
 14611 | Lair:2   | Noticed Amaemon
 14904 | Lair:1   | Identified the +3 robe of the Abyss {Rampage Int+3}
 16163 | Lair:3   | Gained mutation: A meltable icy envelope protects you from
                  | harm. (AC +0) [demonic ancestry]
 16163 | Lair:3   | Reached XP level 12. HP: 84/87 MP: 24/24
 16604 | Lair:3   | Reached skill level 6 in Fighting
 17157 | Lair:3   | Noticed a four-headed hydra
 17174 | Lair:3   | Killed a four-headed hydra
 17315 | Lair:3   | Learned a level 4 spell: Flame Wave
 17459 | Lair:3   | Found a runed translucent gate.
 17460 | Lair:3   | Found a runed translucent gate.
 17461 | Lair:3   | Found a runed translucent gate.
 17471 | Lair:3   | Noticed Deaggicw's ghost (journeyman DrTm)
 17511 | Lair:3   | Found a runed translucent door.
 17600 | Lair:3   | Noticed an entropy weaver
 17605 | Lair:3   | Killed an entropy weaver
 17606 | Lair:3   | Reached skill level 1 in Evocations
 17608 | Lair:3   | Reached skill level 1 in Fire Magic
 18204 | Lair:3   | Noticed an entropy weaver
 18216 | Lair:3   | Killed an entropy weaver
 18535 | Lair:3   | Noticed an entropy weaver
 18545 | Lair:3   | Killed an entropy weaver
 18546 | Lair:3   | Gained mutation: You have a small tail. [demonic ancestry]
 18546 | Lair:3   | Reached XP level 13. HP: 72/95 MP: 13/26
 19240 | Lair:3   | Noticed an entropy weaver
 19258 | Lair:3   | Killed an entropy weaver
 20310 | Lair:4   | Found a staircase to the Swamp.
 20319 | Lair:4   | Identified a scroll of acquirement
 20319 | Lair:4   | Acquired a +3 quick blade
 20495 | Lair:4   | Noticed Snorg
 20500 | Lair:4   | Reached skill level 7 in Fighting
 20508 | Lair:4   | Killed Snorg
 20800 | Lair:4   | Learned a level 5 spell: Irradiate
 20835 | Lair:4   | Found a staircase to the Snake Pit.
 21425 | Lair:4   | Reached skill level 1 in Transmutations
 21593 | Lair:5   | Noticed Dowoeg's ghost (journeyman DjWn)
 21593 | Lair:5   | Found a transporter.
 21790 | Lair:5   | Found a transporter.
 22293 | Lair:5   | Reached skill level 5 in Dodging
 22293 | Lair:5   | Reached skill level 10 in Conjurations
 22848 | Lair:5   | Identified the +0 scale mail of Ujikh {Fly}
 22870 | Lair:5   | Found a viscous altar of Jiyva.
 22870 | Lair:5   | Found a staircase to the Slime Pits.
 23100 | Lair:5   | Found the +8 whip "Snakebite" {venom, curare, rPois}
 23176 | Lair:6   | Entered Level 6 of the Lair of Beasts
 23222 | Lair:6   | Gained mutation: You are mostly covered in sharp spines.
                  | [demonic ancestry]
 23222 | Lair:6   | Reached XP level 14. HP: 103/103 MP: 22/27
 23398 | Lair:6   | Reached skill level 1 in Maces & Flails
 23508 | Lair:6   | Reached skill level 10 in Spellcasting
 25021 | Lair:2   | Killed Amaemon
 25483 | D:10     | Entered Level 10 of the Dungeon
 25606 | D:10     | Noticed Maggie
 25639 | D:10     | Killed Maggie
 25666 | D:10     | Noticed Lodul
 25670 | D:10     | Killed Lodul
 25671 | D:10     | Reached skill level 10 in Invocations
 25671 | D:10     | Reached skill level 5 in Evocations
 25823 | D:10     | Found Jiohit's General Store.
 25830 | D:10     | Bought a scroll of fog for 30 gold pieces
 25830 | D:10     | Bought a scroll of enchant weapon for 112 gold pieces
 26033 | D:10     | Found a staircase to the Orcish Mines.
 26835 | D:11     | Found a broken altar of Ashenzari.
 26992 | D:11     | Reached skill level 5 in Fire Magic
 27326 | D:11     | Identified the +7 chain mail of Reason {Will++ MP+9 Str-2}
 27780 | D:12     | Reached XP level 15. HP: 67/110 MP: 12/29
 28222 | D:12     | Reached skill level 1 in Armour
 28819 | D:13     | Noticed Josephine
 28830 | D:13     | Killed Josephine
 29369 | D:13     | Noticed Nessos
 29378 | D:13     | Killed Nessos
 29910 | D:14     | Found a gate to the Vaults.
 30319 | D:14     | Reached skill level 5 in Transmutations
 31045 | D:15     | Entered Level 15 of the Dungeon
 31196 | D:15     | Reached skill level 10 in Poison Magic
 31235 | D:15     | Found a basalt altar of Yredelemnul.
 31790 | D:15     | Found a staircase to the Depths.
 31790 | D:15     | Noticed a frost giant
 31803 | D:15     | Killed a frost giant
 32610 | D:15     | Upgraded the game from 0.29-a0-283-ga02f740833 to
                  | 0.29-a0-284-gf9362112df
 32879 | Orc:1    | Entered Level 1 of the Orcish Mines
 33412 | Orc:1    | Noticed Erica
 33423 | Orc:1    | Killed Erica
 33468 | Orc:1    | Noticed Nergalle
 33477 | Orc:1    | Killed Nergalle
 33478 | Orc:1    | Gained mutation: You are surrounded by a moderate repulsion
                  | field. (EV +3) [demonic ancestry]
 33478 | Orc:1    | Reached XP level 16. HP: 116/116 MP: 30/30
 33648 | Orc:1    | Found a large runed translucent door.
 33648 | Orc:1    | Found a large runed translucent door.
 33650 | Orc:1    | Noticed seaofthunder's ghost (novice HOFi)
 33879 | Orc:2    | Entered Level 2 of the Orcish Mines
 34005 | Orc:2    | Found a staircase to the Elven Halls.
 34325 | Orc:2    | Noticed Urug
 34338 | Orc:2    | Killed Urug
 34411 | Orc:2    | Found Lyunuofe's General Store.
 34462 | Orc:2    | Found Vaappur's Book Shoppe.
 34516 | Orc:2    | Bought a potion of heal wounds for 55 gold pieces
 34525 | Orc:2    | Found Xauph's Antique Armour Shoppe.
 34532 | Orc:2    | Bought a blackened scale mail for 207 gold pieces
 34532 | Orc:2    | Identified the +1 scale mail of the Stag {rCorr Str+4
                  | Dex-3} (You bought it in a shop on level 2 of the Orcish
                  | Mines)
 34543 | Orc:2    | Found Vaiblauq's Antique Weapon Shoppe.
 34550 | Orc:2    | Bought an ichor-stained rapier for 261 gold pieces
 34550 | Orc:2    | Identified the +2 rapier "Xothy" {venom, +Blink rF+ rC+
                  | Dex+2} (You bought it in a shop on level 2 of the Orcish
                  | Mines)
 34580 | Orc:2    | Learned a level 5 spell: Fireball
 34634 | Orc:2    | Noticed pigah's ghost (adept OpAE)
 34640 | Orc:2    | Found a runed translucent door.
 34683 | Orc:2    | Killed pigah's ghost
 35440 | Orc:1    | Noticed Jorgrun
 35458 | Orc:1    | Killed Jorgrun
 35910 | Snake:1  | Entered Level 1 of the Snake Pit
 35922 | Snake:1  | Reached skill level 5 in Maces & Flails
 35966 | Snake:1  | Reached skill level 8 in Fighting
 36980 | Snake:1  | Acquired a +6 quick blade
 37175 | Snake:1  | Found Plog's Armour Emporium.
 37177 | Snake:1  | Found Toulytus's Magic Scroll Shoppe.
 37178 | Snake:1  | Found Tainofe's Jewellery Shop.
 37181 | Snake:1  | Found Geptar's Assorted Antiques.
 37229 | Snake:1  | Bought a scroll of enchant weapon for 127 gold pieces
 37229 | Snake:1  | Bought a scroll of enchant weapon for 127 gold pieces
 37229 | Snake:1  | Bought a scroll of fog for 34 gold pieces
 37233 | Snake:1  | Bought a scroll labelled MIUHELLU ZUT for 28 gold pieces
 37233 | Snake:1  | Bought a clouded copper ring for 140 gold pieces
 37233 | Snake:1  | Identified the ring of Wubled {rPois rC+ EV+4 Int+2} (You
                  | bought it in a shop on level 1 of the Snake Pit)
 37255 | Snake:1  | Reached skill level 5 in Short Blades
 37265 | Snake:1  | Reached skill level 1 in Shields
 37292 | Snake:1  | Bought the ring of the Mage {Wiz Archmagi} for 561 gold
                  | pieces
 37292 | Snake:1  | Found the ring of the Mage {Wiz Archmagi}
 38036 | Snake:2  | Reached skill level 1 in Throwing
 39322 | Snake:2  | Found Tahieh's CLEARANCE SALE!.
 39463 | Snake:2  | Bought a potion of curing for 18 gold pieces
 39483 | Snake:2  | Found a basalt altar of Yredelemnul.
 39950 | Snake:2  | Reached skill level 10 in Air Magic
 41862 | Snake:3  | Gained mutation: You have a tail ending in a sharp stinger.
                  | [demonic ancestry]
 41862 | Snake:3  | Reached XP level 17. HP: 113/124 MP: 28/31
 42112 | Snake:3  | Found a transporter.
 42214 | Snake:3  | Found a transporter.
 42214 | Snake:3  | Noticed a tentacled monstrosity
 42214 | Snake:3  | Noticed Jimielewn's ghost (journeyman DjCj)
 42243 | Snake:3  | Found a one-way gate to the infinite horrors of the Abyss.
 42244 | Snake:3  | Identified the +6 dagger of the Valley of Death {elec,
                  | rPois rC- Str+7}
 42773 | Snake:4  | Entered Level 4 of the Snake Pit
 43937 | Snake:3  | Reached skill level 9 in Fighting
 45212 | Snake:4  | Reached skill level 5 in Stealth
 46356 | Snake:4  | Noticed Mlioglotl
 46878 | Snake:4  | Killed Mlioglotl
 47350 | Snake:4  | Got a serpentine rune of Zot
 47672 | Swamp:1  | Entered Level 1 of the Swamp
 48956 | Swamp:1  | Identified the +8 hunting sling "Impslayer" {freeze, Int+3}
 49688 | Swamp:2  | Gained mutation: You have a sharp stinger which inflicts
                  | weakening toxins. [demonic ancestry]
 49688 | Swamp:2  | Reached XP level 18. HP: 133/133 MP: 21/32
 50625 | Swamp:2  | Reached skill level 1 in Slings
 50729 | Swamp:2  | Identified the +3 ring mail of Synk {Harm +Inv rC- Will+}
 51481 | Swamp:3  | Noticed Louise
 52013 | Swamp:2  | Killed Louise
 52955 | Swamp:3  | Found a transporter.
 52964 | Swamp:3  | Noticed Zomibl Ceupp's ghost (adept OpMo)
 52969 | Swamp:3  | Found a transporter.
 53747 | Swamp:3  | Reached skill level 5 in Shields
 53922 | Swamp:4  | Entered Level 4 of the Swamp
 53924 | Swamp:4  | Noticed a tentacled monstrosity
 53931 | Swamp:4  | Killed a tentacled monstrosity
 54078 | Swamp:4  | Noticed Nikola
 54083 | Swamp:4  | Killed Nikola
 54084 | Swamp:4  | Reached skill level 10 in Fighting
 56573 | Swamp:4  | Got a decaying rune of Zot
 56996 | Snake:3  | Killed a tentacled monstrosity
 57005 | Snake:3  | Killed Jimielewn's ghost
 57135 | Snake:3  | Identified the +2 hat "Fautruug" {Str+5 Dex+3}
 57478 | D:14     | Learned a level 4 spell: Dispel Undead
 57643 | Elf:1    | Entered Level 1 of the Elven Halls
 57647 | Elf:1    | Paralysed by an air elemental for 1 turns
 58124 | Elf:1    | Reached skill level 1 in Necromancy
 58175 | Elf:1    | You fall into a shaft and drop 1 floor!
 58844 | Elf:1    | Gained mutation: You punish those that try to bend your
                  | will. (Will+) [demonic ancestry]
 58844 | Elf:1    | Reached XP level 19. HP: 140/142 MP: 33/33
 59301 | Elf:1    | Found a runed translucent gate.
 59301 | Elf:1    | Found a runed translucent gate.
 59301 | Elf:1    | Found a runed translucent gate.
 59303 | Elf:1    | Noticed SirDiesAlot's ghost (journeyman SpCj)
 59303 | Elf:1    | Noticed Pooter's ghost (adept MiBe)
 59303 | Elf:1    | Noticed Kieschye's ghost (adept GrBe)
 59304 | Elf:1    | Noticed Hoebihum's ghost (adept DsGl)
 60015 | Elf:2    | Found a large runed translucent door.
 60015 | Elf:2    | Found a large runed translucent door.
 60046 | Elf:2    | Found a large runed translucent door.
 60046 | Elf:2    | Found a large runed translucent door.
 60122 | Elf:2    | Identified the +2 scale mail of Maenom {Contam *Slow rCorr
                  | Str+9}
 60556 | Elf:2    | Reached skill level 11 in Fighting
 60921 | Elf:2    | Reached skill level 5 in Slings
 62024 | Swamp:3  | Killed Zomibl Ceupp's ghost
 62052 | Swamp:3  | Identified the +8 short sword "Xaunuogh" {speed, rF+ Str+2}
 62554 | Elf:3    | Entered Level 3 of the Elven Halls
 63939 | Elf:3    | Reached skill level 5 in Necromancy
 64184 | Elf:3    | Identified the +9 broad axe of Tunoxatout {pain, +Blink
                  | rPois rCorr}
 64347 | Elf:3    | Identified the +5 great sword "Lifebane" {drain, rPois rN+}
 64579 | Elf:3    | Identified the +2 battleaxe "Zeipuwai" {protect, Will+
                  | Str+4}
 65140 | Elf:3    | Identified the +5 dagger "Goblinbane" {flame, rElec rPois
                  | Dex-2 SInv}
 65180 | Elf:3    | Gained mutation: You are resistant to unholy torment.
                  | [demonic ancestry]
 65180 | Elf:3    | Reached XP level 20. HP: 66/152 MP: 4/35
 66456 | Elf:3    | Identified the +2 ring mail of the Bulwark {Rampage rPois
                  | Dex+2}
 66531 | Elf:3    | Reached skill level 12 in Fighting
 66541 | Elf:3    | Got Mathrob's Collected Works on the Escort
 66548 | Elf:3    | Got the Tome of Aerial Confrontation
 66731 | Elf:3    | Got Lom Lobon's Volume of Displacement
 67070 | Elf:3    | Learned a level 7 spell: Ozocubu's Refrigeration
 67665 | Vaults:1 | Entered Level 1 of the Vaults
 67955 | Vaults:1 | Reached skill level 10 in Ice Magic
 69909 | Vaults:1 | Identified the +7 hand crossbow of Departure {speed, rPois
                  | Int+2}
 71648 | Vaults:2 | Reached skill level 13 in Fighting
 72567 | Vaults:2 | Found a staircase to the Crypt.
 74580 | Vaults:3 | Reached XP level 21. HP: 163/163 MP: 27/38
 77640 | Vaults:4 | Reached skill level 15 in Ice Magic
 79369 | Vaults:4 | Learned a level 2 spell: Blink
 79384 | Vaults:4 | Found Hidy's Book Boutique.
 79777 | Vaults:5 | Entered Level 5 of the Vaults
 80131 | Vaults:5 | Noticed a golden dragon
 80148 | Vaults:5 | Killed a golden dragon
 80168 | Vaults:5 | Reached skill level 14 in Fighting
 80359 | Vaults:5 | Reached XP level 22. HP: 123/166 MP: 23/39
 81063 | Vaults:5 | Identified the +6 scale mail of Bisas {+Blink Str+2 Int-4
                  | Stlth+}
 81365 | Vaults:5 | Reached skill level 10 in Fire Magic
 81513 | Vaults:5 | Noticed an ancient lich
 81518 | Vaults:5 | Killed an ancient lich
 81736 | Vaults:5 | Got a silver rune of Zot
 81742 | Vaults:5 | Reached skill level 10 in Short Blades
 82403 | Vaults:5 | Identified the +10 spear of Wyvven {flame, rPois Stlth+}
 84304 | Orc:2    | Bought a scroll of acquirement for 572 gold pieces
 84304 | Orc:2    | Acquired 762 gold pieces
 84575 | Orc:1    | Killed seaofthunder's ghost
 85170 | Lair:1   | Killed avis's ghost
 85760 | Depths:1 | Entered Level 1 of the Depths
 85766 | Depths:1 | Found a gateway to Hell.
 85853 | Depths:1 | Reached skill level 15 in Fighting
 86716 | Depths:1 | Noticed Saint Roka
 86737 | Depths:1 | Killed Saint Roka
 86738 | Depths:1 | Gained mutation: You are surrounded by a strong repulsion
                  | field. (EV +4, RMsl) [demonic ancestry]
 86738 | Depths:1 | Reached XP level 23. HP: 86/181 MP: 2/41
 87221 | Depths:1 | Found Nur Fesk's Book Boutique.
 87221 | Depths:1 | Found Dyded's Jewellery Shoppe.
 87222 | Depths:1 | Found Qigaif's Book Boutique.
 87268 | Depths:2 | Noticed a caustic shrike
 87270 | Depths:2 | Noticed a caustic shrike
 87274 | Depths:1 | Killed a caustic shrike
 88229 | Depths:2 | Found Niussy's One-of-a-Kind Rings.
 88238 | Depths:2 | Bought a +9 ring of slaying for 3836 gold pieces
 88297 | Depths:2 | Found a one-way gate leading to the halls of Pandemonium.
 88361 | Depths:2 | Noticed a caustic shrike
 88365 | Depths:2 | Noticed a caustic shrike
 88371 | Depths:2 | Killed a caustic shrike
 88385 | Depths:2 | Killed a caustic shrike
 88386 | Depths:2 | Reached skill level 15 in Spellcasting
 88415 | Depths:2 | Noticed a caustic shrike
 88784 | Depths:2 | Killed a caustic shrike
 88787 | Depths:2 | Killed a caustic shrike
 89134 | Depths:2 | Reached skill level 10 in Transmutations
 90424 | Depths:2 | Paralysed by a floating eye for 2 turns
 90549 | Depths:2 | Reached skill level 16 in Fighting
 90673 | Depths:2 | HP: 6/184 [spark wasp (16)]
 90673 | Depths:2 | Slain by a spark wasp

Illustrated notes

Levels and vault maps discovered:
D:1:      scummos_arrival_checkerplants, layout_rooms,
          shapermc_ecumenical_altar_totnotflames
D:2:      minmay_spotlight, layout_loops_ring, serial_shops,
          nicolae_shop_advertising_works [nicolae_subvault_shop_adworks],
          grunt_decor_fettered, uniq_sigmund, uniq_crazy_yiuf_cottage,
          uniq_terence
D:3:      layout_loops_ring, uniq_natasha
D:4:      wad_lake_hut, layout_loops_ring, uniq_grinder, uniq_edmund
D:5:      layout_cave_pools, minmay_temple_entry_crystal_x, nrook_mini_vaults,
          nicolae_stop_n_shop_2, minivault_26, kennysheep_opposing_triangles
D:6:      layout_loops_ring, ebering_ghost_sewer_f
D:7:      layout_basic, nrook_mini_backslash
D:8:      wad_arrow_thing, layout_rooms
D:9:      layout_long_grid, nzn_wu_jian_contemplation, dpeg_lair_monsters,
          uniq_prince_ribbit1
D:10:     layout_layer_cave, minmay_orc_entry_guard_dogs, serial_shops,
          nicolae_stop_n_shop_2, uniq_maggie, uniq_lodul
D:11:     layout_loops_cross, cheibrodos_ashenzari_chains
D:12:     layout_rooms
D:13:     layout_loops_corners, uniq_josephine, uniq_nessos
D:14:     layout_loops_ring, erik_vaults_2, serial_glass, glass_columns_a,
          glass_columns_b, nicolae_tso_swordbearing_angel
D:15:     grunt_enter_depths_snipers, layout_irregular_city,
          kennysheep_flooded_box, hangedman_decor_growths,
          hangedman_abyss_or_decor_clamps, minmay_microvault
Lair:1:   layout_small_grid, maelrawn_ghost_gauntlet_escape,
          infiniplex_staircase_pool
Lair:2:   layout_hall_layers, basic_altar, lemuel_old_faithful, uniq_amaemon,
          uniq_fannar
Lair:3:   gammafunk_mikee_crab_dinner, layout_regular_city, serial_rivers,
          chequers_serial_rivers_micro_b, chequers_serial_rivers_room_a,
          chequers_serial_rivers_micro_c, chequers_serial_rivers_small_3,
          chequers_serial_rivers_micro_c, chequers_serial_rivers_large_b,
          gammafunk_ghost_necromancy
Lair:4:   layout_cave_shapes, skrybe_swamp_entry_bodies,
          minmay_snake_entry_guardpost_small, serial_bayou_pond_d,
          lemuel_fruit_tree, uniq_snorg
Lair:5:   minmay_guarded_unrand_snakebite, layout_long_grid,
          dpeg_slime_entry_enclosed_altar, gammafunk_ghost_arena,
          nicolae_quartered_pool_impasse, serial_bayou_shore_a,
          grunt_megastairs_5
Lair:6:   minmay_lair_end_enchanted_forest, layout_misc_corridors
Swamp:1:  layout_basic_swamp, evilmike_swamp_ruin_house_2, swamp_pool2
Swamp:2:  layout_basic_swamp, nicolae_swamp_bean_lake,
          nicolae_swamp_super_fun_site
Swamp:3:  layout_basic_swamp, gammafunk_ghost_mausoleum,
          evilmike_swamp_ruin_rubble_1, uniq_louise
Swamp:4:  swamp, layout_basic_swamp, infiniplex_staircase_pool_2, uniq_nikola
Snake:1:  hangedman_cross_veins, layout_rooms, nicolae_wooded_promenade,
          drop_trap, serial_bayou_shore_b
Snake:2:  layout_rooms, basic_altar, nicolae_shop_clearance
Snake:3:  layout_rooms, gammafunk_ghost_abyssal_escape, grunt_ministairs_13
Snake:4:  johnstein_snake_rune_scales, layout_misc_corridors, uniq_mlioglotl
Orc:1:    dreamdust_under_siege, layout_diamond_mine,
          ebering_ghost_disaster_area, uniq_nergalle, uniq_erica, uniq_jorgrun
Orc:2:    grunt_orc_cross, layout_caves, hellmonk_ghost_happy_afterlife,
          portal_ice_cave_entry_animals_and_master
Elf:1:    nicolae_elf_arrival_aired_out, layout_onion_city,
          gammafunk_ghost_cemetery, kennysheep_underground_church
Elf:2:    elven_hall_of_blades_hangedman_alternative
          [nicolae_blade_entry_splitting_headache], layout_geoelf_octagon
Elf:3:    nooodl_elf_gasket, layout_geoelf_grid
Vaults:1: ontoclasm_vaults_tryst, nicolae_vaults_little_squares_2,
          nicolae_vaults_triangles, vaults_dpeg_cross,
          ontoclasm_vaults_decontamination, nicolae_vaults_mini_display_case,
          vaults_room_grunt_arrival_ludios, ontoclasm_vaults_twist,
          layout_vaults_omnigrid
Vaults:2: hangedman_vaults_river_flow, vaults_dpeg_spiral,
          minmay_crypt_entry_vampire_xt, vaults_room_pools, v_pattern_1,
          ontoclasm_vaults_shuriken, hangedman_vaults_slice, vaults_mumra_hex,
          v_misc_26, vaults_dpeg_ring, vaults_standard_mumra_x,
          layout_vaults_big_room
Vaults:3: v_rooms_2, v_misc_18, serial_ice_m, v_misc_1, v_misc_10, v_misc_33,
          st_diamondy, vaults_mumra_chevron_long, v_misc_14,
          hangedman_vaults_stretched_pinwheel, layout_vaults_omnicross
Vaults:4: hangedman_vaults_cutoff, vaults_room_ringed_pool, v_rooms_1,
          nicolae_vaults_rhombus_6, v_rooms_5, hangedman_vaults_cutoff,
          v_misc_18, nicolae_vaults_shelves_hall, nicolae_vaults_sealed_display,
          layout_vaults_maze_bifur, serial_shops, nicolae_shop_trees
Vaults:5
Depths:1: layout_cross, hell_entry, minmay_misc_feat_nine_boxes,
          zin_scriptorium, minmay_shop_grove, grunt_megastairs_2, firewood_loft,
          uniq_saint_roka
Depths:2: grunt_twisty_corner, layout_long_grid, nicolae_twisting_strands,
          pf_hell_entry_tar_river, rand_demon_pan_entry_1,
          nicolae_shop_unique_rings, infiniplex_staircase_pool_lava,
          serial_bayou_shore_b

Skill      XL: |  1  2  3  4  5  6  7  8  9 10 11 12 13 14 15 16 17 18 19 20 21 22 23 |
---------------+----------------------------------------------------------------------+-----
Stealth        | 2 4 5 |  5.0
Dodging        | 2 3 4 5 6 7 |  7.5
Ice Magic      | 4 5 6 7 8 9 12 15 | 15.2
Spellcasting   | 3 4 5 6 7 8 9 10 11 13 14 15 | 15.5
Air Magic      | 2 4 5 6 7 8 9 10 11 13 14 | 14.0
Poison Magic   | 3 4 5 6 7 8 9 10 | 10.4
Conjurations   | 1 3 5 7 9 10 | 10.5
Fighting       | 2 4 5 6 7 8 9 10 11 13 14 15 16 | 16.1
Short Blades   | 1 3 4 5 6 7 8 9 10 | 10.5
Invocations    | 1 4 6 8 9 10 11 12 13 | 13.6
Evocations     | 2 3 5 6 |  6.0
Fire Magic     | 1 3 5 6 7 8 9 10 | 10.8
Transmutations | 2 4 5 6 7 8 9 10 | 10.7
Maces & Flails | 3 4 5 7 |  7.5
Armour         | 3 |  3.9
Shields        | 2 4 5 |  5.0
Throwing       | 2 4 |  4.1
Slings         | 4 6 |  6.6
Necromancy     | 2 6 |  6.3

Action                   |  1- 3 |  4- 6 |  7- 9 | 10-12 | 13-15 | 16-18 | 19-21 | 22-24 || total
-------------------------+-------+-------+-------+-------+-------+-------+-------+-------++-------
Melee: Whip              |    11 |       |       |       |   443 |   535 |     9 |       ||   998
       Unarmed           |     2 |       |       |       |       |       |       |       ||     2
       Mace              |    15 |    55 |   191 |       |       |       |       |       ||   261
       Punch             |       |     1 |     3 |     8 |    18 |     2 |       |       ||    32
       Short sword       |       |       |    13 |       |       |       |       |       ||    13
       Dagger            |       |       |     5 |   326 |    37 |     8 |    17 |       ||   393
       Quick blade       |       |       |       |       |   480 |   626 |  1195 |   733 ||  3034
       Tailslap          |       |       |       |       |   214 |   277 |   320 |   221 ||  1032
 Fire: Hunting sling     |       |       |       |       |       |    41 |     9 |    34 ||    84
Throw: Javelin           |       |       |     1 |       |       |       |     6 |     1 ||     8
       Throwing net      |       |       |       |       |       |     1 |       |     1 ||     2
       Dart              |       |       |       |       |       |       |     8 |       ||     8
 Cast: Freeze            |    35 |    37 |     8 |       |       |       |       |       ||    80
       Frozen Ramparts   |       |     8 |    31 |    19 |    32 |    22 |     8 |     3 ||   123
       Ozocubu's Armour  |       |       |     7 |     8 |     5 |     5 |    10 |     3 ||    38
       Poisonous Vapours |       |       |    10 |     3 |     2 |       |       |       ||    15
       Airstrike         |       |       |     7 |    18 |    34 |    70 |   118 |    54 ||   301
       Hailstorm         |       |       |     5 |     9 |    17 |    13 |       |     2 ||    46
       Olgreb's Toxic Ra |       |       |       |    24 |    21 |    24 |    48 |    10 ||   127
       Flame Wave        |       |       |       |       |     7 |     4 |     1 |     1 ||    13
       Irradiate         |       |       |       |       |     4 |    17 |    18 |    16 ||    55
       Fireball          |       |       |       |       |       |   153 |    65 |    50 ||   268
       Dispel Undead     |       |       |       |       |       |       |     3 |     5 ||     8
       Ozocubu's Refrige |       |       |       |       |       |       |     9 |    43 ||    52
       Blink             |       |       |       |       |       |       |       |     2 ||     2
Invok: Bend Time         |     1 |       |       |     3 |     4 |     1 |       |       ||     9
       Slouch            |       |       |       |       |     5 |     7 |     8 |     4 ||    24
       Temporal Distorti |       |       |       |       |     1 |     1 |       |       ||     2
       Step From Time    |       |       |       |       |       |       |     1 |     1 ||     2
Evoke: Wand              |       |     3 |     2 |     4 |    10 |    14 |    20 |    11 ||    64
       Condenser vane    |       |       |       |     1 |     2 |     1 |     1 |     1 ||     6
       Lightning rod     |       |       |       |       |     4 |    10 |    12 |     7 ||    33
       Tin of tremorston |       |       |       |       |       |       |       |     4 ||     4
       Box of beasts     |       |       |       |       |       |       |       |     1 ||     1
  Use: Potion            |     1 |     2 |     8 |     1 |     1 |     8 |    10 |       ||    31
       Scroll            |     2 |     6 |     7 |     7 |    11 |    15 |    15 |     3 ||    66
 Stab: Sleeping          |     2 |     6 |     6 |    10 |    24 |    10 |    11 |     1 ||    70
       Distracted        |       |       |     1 |       |     5 |    10 |    51 |    30 ||    97
       Confused          |       |       |       |     1 |     4 |       |       |       ||     5
       Held in net/web   |       |       |       |       |       |     1 |       |       ||     1
Armor: Robe              |    17 |     3 |    61 |       |       |       |    10 |       ||    91
       Skin              |       |     6 |       |       |       |       |       |       ||     6
       Leather armour    |       |       |     4 |       |       |       |       |       ||     4
       Steam dragon scal |       |       |     3 |   160 |   145 |       |       |       ||   308
       Scale mail        |       |       |       |       |     6 |       |       |       ||     6
       Quicksilver drago |       |       |       |       |   107 |   215 |   211 |    99 ||   632
Dodge: Dodged            |    46 |    63 |   254 |   396 |   800 |   559 |   390 |   166 ||  2674
       Repelled          |       |       |       |       |       |       |       |     2 ||     2
Block: Other             |     3 |    15 |    51 |    76 |   154 |    36 |       |       ||   335
       Buckler           |       |       |       |       |       |   579 |   621 |   295 ||  1495
       Reflection        |       |       |       |       |       |    85 |    48 |    28 ||   161

Table legend: (Time is in decaauts)
 A = Elapsed time spent in this place.
 B = Non-inter-level travel time spent in this place.
 C = Inter-level travel time spent in this place.
 D = Time resting spent in this place.
 E = Time spent auto-exploring this place.
 F = Levels seen in this place.
 G = Mean time per level.
                   A        B        C        D        E       F      G
               +--------+--------+--------+--------+--------+-----+--------+
         Total | 123749 | 112264 |  11485 |  42577 |  42327 |  41 | 3018.3 |
       Dungeon |  31992 |  28258 |   3734 |   7258 |  14551 |  15 | 2132.8 |
          Lair |  19890 |  17672 |   2218 |   5811 |   7627 |   6 | 3315.0 |
         Swamp |  11515 |  11095 |    420 |   6206 |   2341 |   4 | 2878.8 |
     Snake Pit |  15517 |  14683 |    834 |   7546 |   2835 |   4 | 3879.2 |
  Orcish Mines |   6184 |   4433 |   1751 |    623 |   2623 |   2 | 3092.0 |
   Elven Halls |  12849 |  11350 |   1499 |   4713 |   3793 |   3 | 4283.0 |
        Vaults |  20022 |  19178 |    844 |   7205 |   7594 |   5 | 4004.4 |
        Depths |   5778 |   5596 |    182 |   3212 |    962 |   2 | 2889.0 |
               +--------+--------+--------+--------+--------+-----+--------+

Top non-repeatable levels by time:
  Lair:3: 5453 daAuts
 Snake:4: 5430 daAuts
   Elf:3: 5354 daAuts
Vaults:5: 5118 daAuts
Vaults:4: 4049 daAuts
   Elf:2: 4043 daAuts
Vaults:1: 3879 daAuts
 Snake:1: 3692 daAuts
  Lair:1: 3606 daAuts
Vaults:2: 3562 daAuts
    D:10: 3494 daAuts
   Elf:1: 3451 daAuts
 Snake:2: 3441 daAuts
Vaults:3: 3412 daAuts
Depths:1: 3278 daAuts
